 Seeded DCSS version 0.28-a0-655-g4eb62b627b (webtiles) character file.

Game seed: 20211012 (custom seed)

536 a11behringer the Cleaver (level 7, 0/60 HPs)
             Began as a Hill Orc Berserker on Oct 12, 2021.
             Was a Priest of Trog.
             Slain by a bullfrog (3 damage)
             ... in a sewer.
             The game lasted 00:14:54 (4032 turns).

a11behringer the Cleaver (Hill Orc Berserker)       Turns: 4032, Time: 00:14:54

Health: 0/60       AC:  9    Str: 22    XL:     7   Next: 25%
Magic:  7/7        EV:  8    Int:  7    God:    Trog [***...]
Gold:   229        SH:  0    Dex: 10    Spells: 6/6 levels left

rFire   . . .      SeeInvis .   t - +0 war axe
rCold   . . .      Faith    .   (no shield)
rNeg    . . .      Spirit   .   l - +0 chain mail
rPois   .          Reflect  .   (no helmet)
rElec   .          Harm     .   (no cloak)
rCorr   .          Rampage  .   (no gloves)
Will    +++..                   (no boots)
Stlth   ..........              (no amulet)
HPRegen 1.20/turn               d - ring of willpower
MPRegen 0.10/turn               (no ring)

@: strong-willed, regenerating
A: no striking features
a: Renounce Religion, Berserk, Trog's Hand


You were in a sewer.
You worshipped Trog.
Trog was most pleased with you.
You visited 1 branch of the dungeon, and saw 5 of its levels.
You also visited: Sewer.

You collected 229 gold pieces.

Inventory:

Hand Weapons
 a - a +0 hand axe
 j - a +0 hunting sling
 t - a +0 war axe (weapon)
Missiles
 h - 12 sling bullets
 i - 31 arrows
 k - 2 boomerangs (quivered)
 n - a throwing net
 p - 37 bolts
Armour
 b - a +0 animal skin
 c - a +0 ring mail
 l - a +0 chain mail (worn)
 u - +0 gold dragon scales
 v - a +2 buckler
Jewellery
 d - a ring of willpower (left hand)
Wands
 o - a wand of polymorph (3)
Scrolls
 e - 3 scrolls of identify {unknown}
 g - 2 scrolls of enchant armour {unknown}
 r - a scroll of enchant weapon {unknown}
 s - a scroll of magic mapping {unknown}
Potions
 f - 3 potions of heal wounds {unknown}
 m - a potion of curing {unknown}
 q - a potion of attraction {unknown}


   Skills:
 + Level 4.6 Fighting
 * Level 8.2 Axes
 * Level 5.3 Armour
 - Level 1.5 Dodging


You had 6 spell levels left.
You didn't know any spells.
Your spell library was empty.

Dungeon Overview and Level Annotations

Branches:
Dungeon (5/15)              Sewer (1/1)
 Temple: D:4-7

Altars:
Qazlal

Shops:
D:1 =   D:3 *


Message History

You see here 18 stones.
You miss the bullfrog.
The bullfrog is lightly wounded.
You miss the bullfrog. You slash the giant cockroach!
You kill the giant cockroach!
Trog accepts your kill.
You can now call in reinforcements.
The bullfrog hits you but does no damage. x2
You barely miss the bullfrog.
The bullfrog is lightly wounded.
You closely miss the bullfrog. The bullfrog hits you.
The bullfrog closely misses you. The bullfrog hits you.
The bullfrog barely misses you.
You barely miss the bullfrog.
The bullfrog is lightly wounded.
You hit the bullfrog. The bullfrog hits you.
The bullfrog hits you but does no damage.
The bullfrog hits you.
You hit the bullfrog.
The bullfrog is lightly wounded.
You hit the bullfrog. The bullfrog hits you. x2
* * * LOW HITPOINT WARNING * * *
The bullfrog hits you but does no damage.
You slash the bullfrog!
The bullfrog is heavily wounded.
You barely miss the bullfrog. The bullfrog barely misses you.
The bullfrog hits you.
* * * LOW HITPOINT WARNING * * *
The bullfrog hits you.
* * * LOW HITPOINT WARNING * * *
The bullfrog hits you.
* * * LOW HITPOINT WARNING * * *
Your skin crawls.
You feel strong-willed.
You can no longer call in reinforcements.
The bullfrog hits you but does no damage. x2
The bullfrog hits you but does no damage.
The bullfrog hits you.
* * * LOW HITPOINT WARNING * * *
The bullfrog hits you.
You die...

#≈≈.##≈≈.≈≈.≈##≈.≈#≈.##
##≈≈##≈≈≈.≈≈≈..##≈≈##..#
#≈≈.#≈≈≈≈≈≈≈≈≈≈.#≈≈≈#.∩#
#≈≈##.≈.#####≈..##≈.#≈.#
##≈≈#..≈##≈≈≈##≈≈≈#..##.##
#≈≈≈#††##≈≈≈≈≈##≈.#≈†.#..#
#≈†##†≈#≈≈..≈≈≈#≈≈###≈#≈≈#
#≈.#≈≈##≈≈≈.≈.≈##≈≈≈#.#≈.#
#..#≈≈#≈≈.@.≈≈.≈#≈≈∩#≈#≈≈#
#≈.#≈≈#≈≈≈FF.≈.≈#≈≈≈#.#≈≈#
#≈.#≈≈#≈≈.(.≈≈.≈#≈†##≈#≈†#
#≈.#.≈#≈≈..?≈≈.≈#≈≈#≈≈#≈≈#
#≈≈#≈≈#≈≈..$)≈.≈#.≈#≈≈#≈.#
#≈.#≈.##≈≈.[≈..##..#.≈≈≈≈#
#.≈##≈≈#≈.≈.≈≈.†≈≈.#.≈≈.≈#
#≈≈≈#≈≈##≈≈≈≈≈≈≈.###≈≈.≈.#
##.≈#≈≈≈##≈≈≈..###≈#######


You could see 2 bullfrogs.

Vanquished Creatures
  A phantom (D:4)
  A scorpion (D:5)
  A bullfrog zombie (D:5)
  A hound (D:4)
  A centaur skeleton (D:3)
  Natasha (twice) (D:3)
  2 iguanas
  Terence (D:3)
  A river rat (D:5)
  2 adders
  An ufetubus (D:4)
  A worm (D:2)
  6 dart slugs
  4 orcs
  14 endoplasms
  10 giant cockroaches (Sewer)
  6 goblins
  12 hobgoblins
  11 jackals
  14 quokkas
  15 ball pythons
  7 bats
  6 frilled lizards
  7 kobolds
  2 rats
129 creatures vanquished.

Notes
Turn   | Place    | Note
-------+----------+-------------------------------------------
     0 | D:1      | a11behringer the Hill Orc Berserker began the quest for the
                  | Orb.
     0 | D:1      | Reached XP level 1. HP: 19/19 MP: 1/1
   351 | D:1      | Reached XP level 2. HP: 21/27 MP: 2/2
   686 | D:1      | Reached XP level 3. HP: 32/33 MP: 3/3
   778 | D:1      | Reached skill level 5 in Axes
   891 | D:1      | Found Kodiass's Jewellery Shop.
  1419 | D:2      | Reached ** piety under Trog
  1973 | D:2      | Reached XP level 4. HP: 34/40 MP: 4/4
  2288 | D:3      | Noticed Natasha
  2299 | D:3      | Killed Natasha
  2300 | D:3      | Reached skill level 6 in Axes
  2300 | D:3      | Reached XP level 5. HP: 35/46 MP: 5/5
  2384 | D:3      | Found Voj Lick's Assorted Antiques.
  2406 | D:3      | Noticed Terence
  2436 | D:3      | Killed Terence
  2443 | D:3      | Noticed Natasha
  2463 | D:3      | Killed Natasha
  2806 | D:3      | Found a stormy altar of Qazlal.
  3043 | D:4      | Noticed a phantom
  3065 | D:4      | Killed a phantom
  3066 | D:4      | Reached skill level 7 in Axes
  3066 | D:4      | Reached XP level 6. HP: 46/53 MP: 6/6
  3563 | D:5      | Entered Level 5 of the Dungeon
  3563 | D:5      | Found a glowing drain.
  3570 | D:5      | Reached *** piety under Trog
  3571 | D:5      | Reached skill level 5 in Armour
  3597 | D:5      | Reached XP level 7. HP: 16/60 MP: 7/7
  3630 | Sewer    | Entered a sewer
  3873 | Sewer    | Reached skill level 8 in Axes
  4025 | Sewer    | Reached **** piety under Trog
  4029 | Sewer    | HP: 3/60 [bullfrog (5)]
  4031 | Sewer    | HP: 1/60 [bullfrog (4)]
  4032 | Sewer    | Slain by a bullfrog

Illustrated notes

Levels and vault maps discovered:
D:1:      psy_arrival_terrarium, layout_loops_ring, serial_shops, shop,
          minmay_small_reverse_x
D:2:      layout_basic
D:3:      layout_rooms, grunt_qazlal_clouds, serial_shops, shop, hex_medium,
          uniq_natasha, uniq_terence
D:4:      layout_rooms
D:5:      kb_forest_paths, layout_basic, minmay_temple_entry_enclosed_plants,
          portal_sewer_entry_a, nicolae_ossuary_entry_giza
Sewer:    sewer_frog_island_02

Skill      XL: |  1  2  3  4  5  6  7 |
---------------+----------------------+-----
Fighting       | 4 |  4.6
Axes           | 5 6 7 8 |  8.2
Armour         | 3 4 5 |  5.3
Dodging        | |  1.5

Action                   |  1- 3 |  4- 6 |  7- 9 || total
-------------------------+-------+-------+-------++-------
Melee: Hand axe          |   128 |   144 |       ||   272
       War axe           |       |    26 |   115 ||   141
Invok: Berserk           |     1 |     1 |     1 ||     3
       Trog's Hand       |       |     3 |     2 ||     5
Armor: Ring mail         |    65 |     1 |       ||    66
       Animal skin       |     1 |       |       ||     1
       Chain mail        |       |    87 |    78 ||   165
Dodge: Dodged            |    85 |    63 |    55 ||   203

Table legend: (Time is in decaauts)
 A = Elapsed time spent in this place.
 B = Non-inter-level travel time spent in this place.
 C = Inter-level travel time spent in this place.
 D = Time resting spent in this place.
 E = Time spent auto-exploring this place.
 F = Levels seen in this place.
 G = Mean time per level.
                   A        B        C        D        E       F      G
               +--------+--------+--------+--------+--------+-----+--------+
         Total |   4158 |   3731 |    427 |      0 |   2740 |   6 |  693.0 |
       Dungeon |   3684 |   3257 |    427 |      0 |   2586 |   5 |  736.8 |
         Sewer |    474 |    474 |      0 |      0 |    154 |   1 |  474.0 |
               +--------+--------+--------+--------+--------+-----+--------+

Top non-repeatable levels by time:
     D:1: 1254 daAuts
     D:2: 1011 daAuts
     D:3: 751 daAuts
     D:4: 596 daAuts
   Sewer: 474 daAuts
     D:5: 69 daAuts
